 Dungeon Crawl Stone Soup version 0.20-a0-1122-gb7cbeb9 (webtiles) character file.

80 Alarkh the Insei (level 4, 16/33 HPs)
             Began as a Demonspawn Transmuter on May 13, 2017.
             Got out of the dungeon alive.
             The game lasted 00:01:44 (1380 turns).

Alarkh the Insei (Demonspawn Transmuter)            Turns: 1380, Time: 00:01:45

Health: 16/33      AC:  2    Str: 10    XL:     4   Next: 18%
Magic:  7/7        EV: 13    Int: 16    God:
Gold:   65         SH:  0    Dex: 13    Spells: 1/7 levels left

rFire    . . .     SeeInvis .     - Unarmed
rCold    . . .     Gourm    .   (no shield)
rNeg     . . .     Faith    .   b - +0 robe
rPois    .         Spirit   .   (no helmet)
rElec    .         Reflect  .   (no cloak)
rCorr    .         Harm     .   (no gloves)
MR       .....                  (no boots)
Stlth    +.........             (no amulet)
Regen    0.2/turn               (no ring)
MPRegen  0.1/turn               (no ring)

@: no status effects
A: powered by pain 1, spiny 1
a: no special abilities


You escaped.
You were not hungry.

You visited 1 branch of the dungeon, and saw 2 of its levels.

You collected 65 gold pieces.

Inventory:

Missiles
 a - 12 arrows
Armour
 b - a +0 robe (worn)
Scrolls
 e - a scroll of identify {unknown}
 g - a scroll of magic mapping {unknown}
 i - a scroll of blinking {unknown}
 m - a scroll of remove curse {unknown}
 n - a scroll of amnesia {unknown}
 p - a scroll of fog {unknown}
Potions
 j - a potion of haste {unknown}
 k - a potion of magic {unknown}
 l - 2 potions of mutation {unknown}
 o - a potion of heal wounds {unknown}
Books
 c - a book of Changes

   Spells                             Type                      Level
   a - Beastly Appendage              Transmutation                1
   b - Sticks to Snakes               Transmutation                2
   c - Spider Form                    Transmutation/Poison         3
   d - Ice Form                       Ice/Transmutation            4
   e - Blade Hands                    Transmutation                5
Comestibles
 d - 2 bread rations
 f - a meat ration
 h - a chunk of flesh
 q - 4 fruits


   Skills:
 + Level 2.1 Fighting
 + Level 2.6 Dodging
 * Level 3.6 Unarmed Combat
 - Level 2.0 Spellcasting
 - Level 1.7 Transmutations


You had one spell level left.
You knew the following spells:

 Your Spells              Type           Power        Failure   Level  Hunger
a - Beastly Appendage     Tmut           #.....       10%         1    #......
b - Sticks to Snakes      Tmut           #.......     16%         2    ###....
c - Spider Form           Tmut/Pois      #.........   41%         3    ###....


Dungeon Overview and Level Annotations

Branches:
Dungeon (2/15)

Altars:


Innate Abilities, Weirdness & Mutations

You sometimes gain a little power by taking damage.
You are partially covered in sharp spines.


Message History

You feel your power returning.
You are too injured to fight recklessly!
You are too injured to fight recklessly!
You are too injured to fight recklessly!
You are too injured to fight recklessly!
You hit the gnoll.
The gnoll looks as sick as possible!
The gnoll is severely wounded.
You hit the gnoll.
The gnoll looks as sick as possible!
The gnoll is almost dead.
Your transformation has ended.
Your +0 robe unmelds from your body.
The gnoll barely misses you.
You punch the gnoll!
You kill the gnoll!
There is a stone staircase leading up here.
You climb upwards.
There is a stone staircase leading down here.
Your magical contamination has completely faded away.
There is a staircase leading out of the dungeon here.
Are you sure you want to leave the Dungeon?
This will make you lose the game!
You have escaped!

......................###.....##
........#####....)..#..#.......#
..........# #........#.#.......#
#########.# #..........#.......#
#.######.########......##
###...........####...#..#
###...###...###...####.##.#
##...####.....####...##.....
##..#####...@...#####..##....
##..## ##.........## ##..##...
##..## ##...........## ##..##..
##..## ##......#......## ##..##.
#..## ##......###......## ##..#.
##.## ##......## ##.....)##
##.## #..# ##......## ##......##
#..# #.####......##
##......####.# ...........##
##...........


There were no monsters in sight!

Vanquished Creatures
  4 gnolls
  An ooze (D:1)
  2 dart slugs (D:1)
  2 leopard geckos (D:1)
  A giant cockroach (D:1)
  5 goblins (D:1)
  4 hobgoblins (D:1)
  3 kobolds (D:1)
  A ball python (D:2)
  3 bats (D:1)
  2 frilled lizards (D:1)
  4 rats (D:1)
32 creatures vanquished.

Notes
Turn   | Place    | Note
-------+----------+-------------------------------------------
     0 | D:1      | Alarkh the Demonspawn Transmuter began the quest for the Orb.
     0 | D:1      | Reached XP level 1. HP: 15/15 MP: 3/3
   317 | D:1      | Gained mutation: You sometimes gain a little power by taking damage. [demonic ancestry]
   317 | D:1      | Reached XP level 2. HP: 21/21 MP: 5/5
   448 | D:1      | Reached skill level 3 in Unarmed Combat
   922 | D:1      | Reached XP level 3. HP: 26/26 MP: 6/6
   937 | D:1      | Learned a level 2 spell: Sticks to Snakes
   941 | D:1      | Learned a level 3 spell: Spider Form
  1354 | D:2      | Gained mutation: You are partially covered in sharp spines. [demonic ancestry]
  1354 | D:2      | Reached XP level 4. HP: 33/33 MP: 1/7
  1380 | D:$      | Got out of the dungeon alive.

Vault maps used:
D:1:      dpeg_arrival_central
D:2:      chequers_ecumenical_altar_lobes, first_bread,
          makhleb_altar_promises_db

Skill      XL: |  1  2  3 |
---------------+----------+-----
Dodging        | 2 |  2.6
Unarmed Combat | 3 |  3.6
Fighting       | 2 |  2.1
Spellcasting   | |  2.0
Transmutations | |  1.7

Action                   |  1- 3 |  4- 6 || total
-------------------------+-------+-------++-------
Melee: Unarmed           |   111 |     4 ||   115
       Kick              |     2 |       ||     2
       Headbutt          |     1 |       ||     1
 Cast: Beastly Appendage |     4 |       ||     4
       Spider Form       |     2 |       ||     2
 Stab: Sleeping          |     1 |       ||     1
  Eat: Chunk             |     2 |       ||     2
Armor: Robe              |    20 |       ||    20
       Skin              |     1 |       ||     1
Dodge: Dodged            |   121 |     2 ||   123
